| TOP OF THE 1ST |
|
Corpus Christi Hooks batting - Pitching for Northwest Arkansas Naturals : RHP Philip Terrell
|
|
Pitching: RHP Philip Terrell
|
|
|
Batting: RHB Ben Hoffman
|
0-0: Fly out, F7 (Line Drive, 7S, EV 95.6 MPH)
|
|
Batting: LHB John Wagner
|
0-0: Fly out, F7 (Flyball, 78S, EV 78.1 MPH)
|
|
Batting: LHB Josh Birkner
|
0-0: Called Strike 0-1: Ball 1-1: Swinging Strike 1-2: Ball 2-2: Strikes out swinging, 2-3 out at first.
|
| Top of the 1st over - 0 runs, 0 hits, 0 errors, 0 left on base; Corpus Christi 0 - Northwest Arkansas 0 |
| BOTTOM OF THE 1ST |
|
Northwest Arkansas Naturals batting - Pitching for Corpus Christi Hooks : RHP Josh Willig
|
|
Pitching: RHP Josh Willig
|
|
|
Batting: SHB Ryoji Hiraoka
|
0-0: Called Strike 0-1: Foul Ball, location: 2F 0-2: Foul Ball, location: 2F 0-2: Foul Ball, location: 2F 0-2: Ground out 6-3 (Groundball, 6S, EV 91.2 MPH)
|
|
Batting: RHB Kazuki Arai
|
0-0: Foul Ball, location: 2F 0-1: Ball 1-1: Reached on error, E5 (Groundball, 56, EV 103.1 MPH)
|
|
Batting: RHB Kevin Wimberly
|
0-0: Fly out, F8 (Flyball, 8LD, EV 103.1 MPH)
|
|
Batting: RHB William Lung
|
0-0: Called Strike 0-1: Foul Ball, location: 2F 0-2: Ball 1-2: Foul Ball, location: 2F 1-2: Ball 2-2: SINGLE (Line Drive, 56D, EV 100.6 MPH) Kazuki Arai to second Runner from 2nd tries for 3rd, OUT! 7-5
|
| Bottom of the 1st over - 0 runs, 1 hit, 1 error, 1 left on base; Corpus Christi 0 - Northwest Arkansas 0 |
| TOP OF THE 2ND |
|
Corpus Christi Hooks batting - Pitching for Northwest Arkansas Naturals : RHP Philip Terrell
|
|
Batting: RHB Marty King
|
0-0: Foul Ball, location: 2F 0-1: SOLO HOME RUN (Line Drive, 89XD, EV 116.2 MPH), Distance : 467 ft
|
|
Batting: RHB Ramon Castellon
|
0-0: Called Strike 0-1: Ball 1-1: Called Strike 1-2: Foul Ball, location: 2F 1-2: Ball 2-2: Foul Ball, location: 2F 2-2: Ball 3-2: Foul Ball, location: 2F 3-2: Base on Balls
|
|
Batting: LHB Mitchell Casey
|
0-0: SINGLE (Line Drive, 56D, EV 99.4 MPH) Ramon Castellon to second
|
|
Batting: RHB Sam Spohn
|
0-0: Ball 1-0: Ball 2-0: Called Strike 2-1: Swinging Strike 2-2: Foul Ball, location: 2F 2-2: Foul Ball, location: 2F 2-2: Foul Ball, location: 2F 2-2: Strikes out swinging
|
|
Batting: RHB Masaru Konno
|
0-0: Foul Ball, location: 2F 0-1: Grounds into double play, 5-4-3 (Groundball, 56, EV 81.9 MPH)
|
| Top of the 2nd over - 1 run, 2 hits, 0 errors, 1 left on base; Corpus Christi 1 - Northwest Arkansas 0 |
| BOTTOM OF THE 2ND |
|
Northwest Arkansas Naturals batting - Pitching for Corpus Christi Hooks : RHP Josh Willig
|
|
Batting: RHB Edwin Ramos
|
0-0: Fly out, F3 (Line Drive, 34, EV 64.4 MPH)
|
|
Batting: RHB Andy Urquhart
|
0-0: Called Strike 0-1: Fly out, F7 (Flyball, 7, EV 82.5 MPH)
|
|
Batting: RHB Chad Sullivan
|
0-0: Ball 1-0: Called Strike 1-1: Ground out 5-3 (Groundball, 56, EV 85.6 MPH)
|
| Bottom of the 2nd over - 0 runs, 0 hits, 0 errors, 0 left on base; Corpus Christi 1 - Northwest Arkansas 0 |
| TOP OF THE 3RD |
|
Corpus Christi Hooks batting - Pitching for Northwest Arkansas Naturals : RHP Philip Terrell
|
|
Batting: SHB Danny Jensen
|
0-0: Ball 1-0: Ball 2-0: Fly out, F7 (Line Drive, 78M, EV 88.1 MPH)
|
|
Batting: RHB Ben Hoffman
|
0-0: Called Strike 0-1: Foul Ball, location: 2F 0-2: Ball 1-2: Reached on error, E6 (Groundball, 6, EV 76.2 MPH)
|
|
Batting: LHB John Wagner
|
0-0: Ball 1-0: Ball 2-0: Ball 3-0: Called Strike 3-1: SINGLE (Groundball, 4MD, EV 103.1 MPH) Ben Hoffman to third
|
|
Batting: LHB Josh Birkner
|
0-0: Ball 1-0: Ball 2-0: Fly out, F7 (Flyball, 7, EV 82.5 MPH)
|
|
Batting: RHB Marty King
|
0-0: Ball 1-0: Ball John Wagner steals 2nd base (no throw) 2-0: Called Strike 2-1: Ball 3-1: Base on Balls
|
|
Batting: RHB Ramon Castellon
|
0-0: Ball 1-0: Called Strike 1-1: Swinging Strike 1-2: Ball 2-2: Ball 3-2: Foul Ball, location: 2F 3-2: Fly out, F8 (Flyball, 8RXD, EV 85.6 MPH)
|
| Top of the 3rd over - 0 runs, 1 hit, 1 error, 3 left on base; Corpus Christi 1 - Northwest Arkansas 0 |
| BOTTOM OF THE 3RD |
|
Northwest Arkansas Naturals batting - Pitching for Corpus Christi Hooks : RHP Josh Willig
|
|
Batting: RHB Eric Erickson
|
0-0: Ball 1-0: Ball 2-0: Ball 3-0: Called Strike 3-1: Foul Ball, location: 2F 3-2: Base on Balls
|
|
Batting: SHB Danny Ballenger
|
0-0: Ball 1-0: Called Strike 1-1: Ball 2-1: Ball 3-1: DOUBLE (Groundball, 3L, EV 107.5 MPH) Eric Erickson to third
|
|
Batting: SHB Ryoji Hiraoka
|
0-0: Foul Ball, location: 2F 0-1: Ground out 5-3 (Groundball, 56, EV 92.5 MPH) Eric Erickson scores
|
|
Batting: RHB Kazuki Arai
|
0-0: Swinging Strike 0-1: Foul Ball, location: 2F 0-2: DOUBLE (Flyball, 78XD, EV 103.8 MPH) Danny Ballenger scores
|
|
Batting: RHB Kevin Wimberly
|
0-0: Ball 1-0: Foul Ball, location: 2F 1-1: Called Strike 1-2: Strikes out swinging
|
|
Batting: RHB William Lung
|
0-0: Ball 1-0: Ball 2-0: Ball 3-0: Foul Ball, location: 2F 3-1: Base on Balls
|
|
Batting: RHB Edwin Ramos
|
0-0: Ball 1-0: Swinging Strike 1-1: Ball 2-1: SINGLE (Line Drive, 8LS, EV 107.5 MPH) Kazuki Arai to third William Lung to second Runner from 3rd tries for Home, SAFE, throw by CF to home
|
|
Batting: RHB Andy Urquhart
|
0-0: Ball 1-0: Ball 2-0: Called Strike 2-1: Called Strike 2-2: SINGLE (Groundball, 6S, EV 68.1 MPH) (infield hit) William Lung to third Edwin Ramos to second
|
|
Batting: RHB Chad Sullivan
|
0-0: Foul Ball, location: 2F 0-1: Swinging Strike 0-2: Foul Ball, location: 2F 0-2: Ground out 2-3 (Groundball, 15S, EV 66.9 MPH)
|
| Bottom of the 3rd over - 3 runs, 4 hits, 0 errors, 3 left on base; Corpus Christi 1 - Northwest Arkansas 3 |
| TOP OF THE 4TH |
|
Corpus Christi Hooks batting - Pitching for Northwest Arkansas Naturals : RHP Philip Terrell
|
|
Batting: LHB Mitchell Casey
|
0-0: Ball 1-0: Ground out 1-3 (Groundball, 13, EV 59.4 MPH)
|
|
Batting: RHB Sam Spohn
|
0-0: Called Strike 0-1: Ball 1-1: Hit by Pitch
|
|
Batting: RHB Masaru Konno
|
0-0: Ball 1-0: Ball Wild Pitch! Sam Spohn to second 2-0: Ball 3-0: Called Strike 3-1: Called Strike 3-2: Foul Ball, location: 2F 3-2: Base on Balls
|
|
Batting: SHB Danny Jensen
|
0-0: Called Strike 0-1: Ball 1-1: Ball 2-1: Fly out, F7 (Flyball, 7S, EV 91.2 MPH)
|
|
Batting: RHB Ben Hoffman
|
0-0: Called Strike 0-1: Ball 1-1: Swinging Strike 1-2: Fielders Choice at 2nd, 6-4 (Groundball, 4M, EV 78.8 MPH)
|
| Top of the 4th over - 0 runs, 0 hits, 0 errors, 2 left on base; Corpus Christi 1 - Northwest Arkansas 3 |
| BOTTOM OF THE 4TH |
|
Northwest Arkansas Naturals batting - Pitching for Corpus Christi Hooks : RHP Josh Willig
|
|
Batting: RHB Eric Erickson
|
0-0: Called Strike 0-1: Swinging Strike 0-2: Ball 1-2: Foul Ball, location: 2F 1-2: Fly out, F8 (Flyball, 8LM, EV 86.2 MPH)
|
|
Batting: SHB Danny Ballenger
|
0-0: Called Strike 0-1: Ground out 6-3 (Groundball, 6, EV 88.8 MPH)
|
|
Batting: SHB Ryoji Hiraoka
|
0-0: Ball 1-0: Foul Ball, location: 2F 1-1: Ground out 1-3 (Groundball, 13S, EV 73.1 MPH)
|
| Bottom of the 4th over - 0 runs, 0 hits, 0 errors, 0 left on base; Corpus Christi 1 - Northwest Arkansas 3 |
| TOP OF THE 5TH |
|
Corpus Christi Hooks batting - Pitching for Northwest Arkansas Naturals : RHP Philip Terrell
|
|
Pitching: RHP John Barnett
|
|
|
Batting: LHB John Wagner
|
0-0: Called Strike 0-1: Ball 1-1: Swinging Strike 1-2: Ball 2-2: Foul Ball, location: 2F 2-2: Ball 3-2: Ground out 4-3 (Groundball, 4, EV 81.9 MPH)
|
|
Batting: LHB Josh Birkner
|
0-0: Ball 1-0: Called Strike 1-1: Foul Ball, location: 2F 1-2: Ball 2-2: Foul Ball, location: 2F 2-2: Ball 3-2: Foul Ball, location: 2F 3-2: Base on Balls
|
|
Batting: RHB Marty King
|
0-0: Ball 1-0: Foul Ball, location: 2F 1-1: Ball 2-1: Foul Ball, location: 2F 2-2: Strikes out swinging
|
|
Batting: RHB Ramon Castellon
|
0-0: Ball 1-0: Foul Ball, location: 2F 1-1: Ball 2-1: Foul Ball, location: 2F 2-2: Fly out, F7 (Flyball, 78M, EV 80.0 MPH)
|
| Top of the 5th over - 0 runs, 0 hits, 0 errors, 1 left on base; Corpus Christi 1 - Northwest Arkansas 3 |
| BOTTOM OF THE 5TH |
|
Northwest Arkansas Naturals batting - Pitching for Corpus Christi Hooks : RHP Josh Willig
|
|
Batting: RHB Kazuki Arai
|
0-0: Ball 1-0: Ball 2-0: Ball 3-0: Called Strike 3-1: SINGLE (Groundball, 56D, EV 81.2 MPH) (infield hit)
|
|
Batting: RHB Kevin Wimberly
|
0-0: Ball 1-0: Called Strike 1-1: Fly out, F8 (Flyball, 78M, EV 90.6 MPH)
|
|
Batting: RHB William Lung
|
0-0: Ball 1-0: Ball 2-0: Fly out, F8 (Flyball, 8RM, EV 86.9 MPH)
|
|
Batting: RHB Edwin Ramos
|
0-0: Ball 1-0: Fly out, F9 (Flyball, 9S, EV 80.0 MPH)
|
| Bottom of the 5th over - 0 runs, 1 hit, 0 errors, 1 left on base; Corpus Christi 1 - Northwest Arkansas 3 |
| TOP OF THE 6TH |
|
Corpus Christi Hooks batting - Pitching for Northwest Arkansas Naturals : RHP John Barnett
|
|
Batting: LHB Mitchell Casey
|
0-0: Ball 1-0: Ball 2-0: Ball 3-0: Base on Balls
|
|
Pinch Runner at 1st Dan Castaneda:
|
|
|
Batting: RHB Sam Spohn
|
0-0: Ball 1-0: Called Strike Dan Castaneda is caught stealing 2nd base 2-4 1-1: Foul Ball, location: 2F 1-2: Strikes out swinging, 2-3 out at first.
|
|
Pitching: RHP Junsuke Abe
|
|
|
Batting: RHB Masaru Konno
|
0-0: Ball 1-0: Ball 2-0: Ball 3-0: Called Strike 3-1: TRIPLE (Flyball, 89XD, EV 105.6 MPH)
|
|
Batting: SHB Danny Jensen
|
0-0: Ball 1-0: Swinging Strike 1-1: Called Strike 1-2: Strikes out looking
|
| Top of the 6th over - 0 runs, 1 hit, 0 errors, 1 left on base; Corpus Christi 1 - Northwest Arkansas 3 |
| BOTTOM OF THE 6TH |
|
Northwest Arkansas Naturals batting - Pitching for Corpus Christi Hooks : RHP Josh Willig
|
|
Pitching: LHP Blaine Whitmore
|
|
|
Now in LF: Dan Castaneda
|
|
|
Batting: RHB Andy Urquhart
|
0-0: Ball 1-0: Ball 2-0: Ball 3-0: Base on Balls
|
|
Batting: RHB Chad Sullivan
|
0-0: Foul Ball, location: 2F 0-1: Ball 1-1: SINGLE (Line Drive, 7S, EV 92.5 MPH) Andy Urquhart to second
|
|
Batting: RHB Eric Erickson
|
0-0: Swinging Strike 0-1: DOUBLE (Flyball, 78XD, EV 102.5 MPH) Andy Urquhart scores Chad Sullivan to third
|
|
Batting: SHB Danny Ballenger
|
0-0: Foul Ball, location: 2F 0-1: Ball 1-1: Called Strike 1-2: Strikes out swinging
|
|
Batting: SHB Ryoji Hiraoka
|
0-0: Foul Ball, location: 2F 0-1: Called Strike 0-2: Strikes out swinging
|
|
Batting: RHB Kazuki Arai
|
0-0: Ball 1-0: Foul Ball, location: 2F 1-1: Ground out 4-3 (Groundball, 4M, EV 76.2 MPH)
|
| Bottom of the 6th over - 1 run, 2 hits, 0 errors, 2 left on base; Corpus Christi 1 - Northwest Arkansas 4 |
| TOP OF THE 7TH |
|
Corpus Christi Hooks batting - Pitching for Northwest Arkansas Naturals : RHP Junsuke Abe
|
|
Pitching: RHP Justin Potts
|
|
|
Batting: RHB Ben Hoffman
|
0-0: Foul Ball, location: 2F 0-1: Ball 1-1: Foul Ball, location: 2F 1-2: Ball 2-2: Strikes out swinging
|
|
Batting: LHB John Wagner
|
0-0: Ball 1-0: Fly out, F8 (Flyball, 78D, EV 82.5 MPH)
|
|
Batting: LHB Josh Birkner
|
0-0: Foul Ball, location: 2F 0-1: Ball 1-1: Called Strike 1-2: Ball 2-2: Foul Ball, location: 2F 2-2: Ball 3-2: Strikes out looking
|
| Top of the 7th over - 0 runs, 0 hits, 0 errors, 0 left on base; Corpus Christi 1 - Northwest Arkansas 4 |
| BOTTOM OF THE 7TH |
|
Northwest Arkansas Naturals batting - Pitching for Corpus Christi Hooks : LHP Blaine Whitmore
|
|
Pitching: RHP Zack Evans
|
|
|
Batting: RHB Kevin Wimberly
|
0-0: Foul Ball, location: 2F 0-1: Foul Ball, location: 2F 0-2: Ground out 5-3 (Groundball, 56, EV 91.2 MPH)
|
|
Batting: RHB William Lung
|
0-0: Swinging Strike 0-1: Ball 1-1: Foul Ball, location: 2F 1-2: Strikes out swinging
|
|
Batting: RHB Edwin Ramos
|
0-0: Swinging Strike 0-1: Foul Ball, location: 2F 0-2: Ball 1-2: Ball 2-2: Strikes out swinging
|
| Bottom of the 7th over - 0 runs, 0 hits, 0 errors, 0 left on base; Corpus Christi 1 - Northwest Arkansas 4 |
| TOP OF THE 8TH |
|
Corpus Christi Hooks batting - Pitching for Northwest Arkansas Naturals : RHP Justin Potts
|
|
Batting: RHB Marty King
|
0-0: Ball 1-0: Ball 2-0: Called Strike 2-1: Foul Ball, location: 2F 2-2: Foul Ball, location: 2F 2-2: Fly out, F9 (Line Drive, 9, EV 85.0 MPH)
|
|
Batting: RHB Ramon Castellon
|
0-0: Ball 1-0: Ball 2-0: Ball 3-0: Called Strike 3-1: Fly out, F8 (Flyball, 8LD, EV 95.0 MPH)
|
|
Pitching: LHP Walter Whiteman
|
|
|
Batting: SHB Dan Castaneda
|
0-0: Foul Ball, location: 2F 0-1: Swinging Strike 0-2: Ball 1-2: Ground out U3 (Groundball, 3L, EV 108.1 MPH)
|
| Top of the 8th over - 0 runs, 0 hits, 0 errors, 0 left on base; Corpus Christi 1 - Northwest Arkansas 4 |
| BOTTOM OF THE 8TH |
|
Northwest Arkansas Naturals batting - Pitching for Corpus Christi Hooks : RHP Zack Evans
|
|
Batting: RHB Andy Urquhart
|
0-0: Called Strike 0-1: Ball 1-1: Foul Ball, location: 2F 1-2: Foul Ball, location: 2F 1-2: Ball 2-2: Foul Ball, location: 2F 2-2: Ground out 6-3 (Groundball, 6, EV 106.2 MPH)
|
|
Batting: RHB Chad Sullivan
|
0-0: DOUBLE (Line Drive, 7LM, EV 93.8 MPH)
|
|
Batting: RHB Eric Erickson
|
0-0: Called Strike 0-1: Called Strike 0-2: Foul Ball, location: 2F 0-2: Ball 1-2: 2-RUN HOME RUN (Flyball, 8RXD, EV 115.0 MPH), Distance : 444 ft
|
|
Batting: SHB Danny Ballenger
|
0-0: Ball 1-0: Foul Ball, location: 2F 1-1: Ball 2-1: Ground out 6-3 (Groundball, 56D, EV 98.1 MPH)
|
|
Batting: SHB Ryoji Hiraoka
|
0-0: Ball 1-0: Called Strike 1-1: Ground out 4-3 (Groundball, 4S, EV 85.6 MPH)
|
| Bottom of the 8th over - 2 runs, 2 hits, 0 errors, 0 left on base; Corpus Christi 1 - Northwest Arkansas 6 |
| TOP OF THE 9TH |
|
Corpus Christi Hooks batting - Pitching for Northwest Arkansas Naturals : LHP Walter Whiteman
|
|
Batting: RHB Sam Spohn
|
0-0: Foul Ball, location: 2F 0-1: Fly out, F9 (Line Drive, 9LS, EV 98.1 MPH)
|
|
Now at 1B: Bobby Gonzalez
|
|
|
Now in RF: Chad Sullivan
|
|
|
Batting: RHB Masaru Konno
|
0-0: Called Strike 0-1: Swinging Strike 0-2: Strikes out swinging
|
|
Batting: SHB Danny Jensen
|
0-0: Foul Ball, location: 2F 0-1: Swinging Strike 0-2: SINGLE (Line Drive, 8LS, EV 103.8 MPH)
|
|
Batting: RHB Ben Hoffman
|
0-0: Foul Ball, location: 2F 0-1: Fielders Choice at 2nd, 5-4 (Groundball, 56, EV 85.0 MPH)
|
| Top of the 9th over - 0 runs, 1 hit, 0 errors, 1 left on base; Corpus Christi 1 - Northwest Arkansas 6 |
|